Map: 네온 바이올렛 스퀘어 - 래더

Players

Classic - Winner!

  • Race: Protoss Protoss
  • League: Master
  • Spawn Location: 5:00

soO

  • Race: Zerg Zerg
  • League: Grandmaster
  • Spawn Location: 11:00

VOD

Have the link to the VOD?

Description

Time

  • Played on: Dec. 23, 2017, 3:23 a.m.
  • Length: 7:22
Show
View Real Time Build Order
Export as new Build Order

Classic Protoss - Winner!

Build Orders: 1 Gate Expand, Oracle Opening, Phoenix Opening 

Get SALT Encoding   

  12  0:01  Probe  
  13  0:13  Probe  
  14  0:20  Pylon  
  14  0:25  Probe  
  15  0:38  Probe (Chrono Boost)  
  16  0:45  Gateway  
  16  0:48  Assimilator, Probe (Chrono Boost)  
  17  0:53  Probe (Chrono Boost)  
  18  1:05  Probe  
  19  1:17  Probe  
  20  1:25  Nexus  
  20  1:29  Probe  
  21  1:38  Cybernetics Core  
  21  1:42  Probe  
  22  1:48  Assimilator  
  22  1:54  Pylon  
  22  1:57  Probe  
  23  2:12  Probe  
  23  2:13  Adept (Chrono Boost)  
  26  2:18  Stargate  
  26  2:24  Probe  
  26  2:27  Warp Gate  
  27  2:32  Adept  
  30  2:37  Probe (Chrono Boost)  
  30  2:38  Probe (Chrono Boost)  
  31  2:49  Probe (Chrono Boost)  
  31  2:50  Probe (Chrono Boost)  
  33  2:54  Probe (Chrono Boost)  
  33  2:55  Probe (Chrono Boost)  
  35  2:59  Oracle (Chrono Boost)  
  35  3:03  Probe  
  35  3:04  Probe  
  40  3:11  Pylon  
  40  3:15  Gateway  
  40  3:17  Probe  
  40  3:18  Probe  
  42  3:22  Adept  
  44  3:29  Probe  
  44  3:30  Probe  
  44  3:32  Phoenix  
  48  3:40  Robotics Facility  
  48  3:43  Probe  
  48  3:44  Probe  
  48  3:48  Assimilator  
  50  3:51  Assimilator  
  51  3:55  Probe (Chrono Boost)  
  51  3:57  Pylon  
  51  4:00  Probe (Chrono Boost)  
  53  4:12  Probe (Chrono Boost)  
  53  4:13  Probe (Chrono Boost)  
  54  4:17  Probe (Chrono Boost)  
  54  4:19  Gateway  
  54  4:20  Gateway  
  55  4:25  Gateway  
  55  4:27  Warp Prism (Chrono Boost), Gateway  
  57  4:36  Gateway  
  57  4:40  Gateway  
  57  4:42  Sentry  
  59  4:46  Sentry  
  59  4:48  Pylon  
  59  4:52  Pylon  
  61  4:59  Pylon  
  61  5:00  Pylon  
  61  5:12  Sentry x2  
  61  5:13  Sentry  
  67  5:15  Sentry, Pylon  
  67  5:17  Pylon  
  67  5:21  Stalker  
  71  5:23  Stalker  
  73  5:38  Sentry, Stalker x2  
  73  5:39  Stalker x2  
  73  5:41  Stalker  
  85  6:00  Adept x2  
  85  6:03  Adept x2  
  85  6:04  Adept x2  
  97  6:08  Adept x6  
  95  6:22  Adept  
  95  6:23  Adept  
  99  6:28  Pylon  
  99  6:29  Adept x3  
  105  6:34  Sentry x2  
  107  6:42  Adept  
  107  6:43  Adept x2  
  101  6:49  Adept  
  101  6:50  Adept  
  101  6:53  Adept  
  91  6:58  Adept x2  
  91  7:14  Adept x5  
  97  7:20  Adept  
Show
View Real Time Build Order
Export as new Build Order

soO Zerg 

Build Orders: Hatch First 

Get SALT Encoding   

  12  0:00  Drone  
  13  0:13  Overlord  
  13  0:17  Drone  
  14  0:31  Drone x2  
  14  0:34  Drone  
  17  0:52  Hatchery  
  17  0:56  Drone  
  17  0:59  Drone  
  18  1:10  Extractor  
  17  1:14  Spawning Pool  
  17  1:17  Drone  
  17  1:20  Drone  
  18  1:28  Drone  
  19  1:39  Drone  
  20  1:51  Overlord  
  20  2:00  Queen  
  22  2:04  Queen  
  22  2:05  Zergling x2  
  22  2:06  Drone  
  26  2:10  Metabolic Boost  
  26  2:12  Drone  
  26  2:15  Drone  
  28  2:23  Drone  
  28  2:26  Drone  
  30  2:37  Hatchery  
  30  2:40  Drone  
  30  2:44  Drone  
  30  2:47  Overlord  
  30  2:50  Drone  
  32  2:54  Drone  
  33  3:00  Zergling x2  
  34  3:08  Zergling x2, Queen  
  34  3:09  Zergling x2  
  38  3:12  Overlord  
  38  3:13  Drone x2  
  38  3:15  Drone  
  38  3:17  Drone  
  38  3:19  Drone  
  43  3:22  Drone  
  44  3:31  Drone x2, Spore Crawler  
  44  3:33  Drone  
  46  3:41  Drone x2  
  46  3:43  Drone x2  
  46  3:46  Lair  
  50  3:52  Drone x5  
  50  3:55  Extractor  
  54  3:56  Extractor  
  54  3:59  Queen  
  55  4:05  Overlord  
  55  4:07  Drone x2, Spore Crawler  
  56  4:12  Drone  
  56  4:13  Spore Crawler  
  56  4:17  Drone x2  
  56  4:23  Overlord  
  59  4:24  Drone x2  
  59  4:25  Overlord  
  59  4:29  Extractor  
  59  4:34  Overlord  
  59  4:42  Drone x2  
  59  4:45  Drone x2  
  62  4:48  Drone  
  62  4:49  Drone x3  
  62  4:50  Drone x4, Hydralisk Den  
  69  4:57  Zergling x4  
  71  5:02  Zergling x4  
  71  5:06  Overlord  
  73  5:12  Overlord  
  73  5:19  Muscular Augments, Hydralisk x4  
  81  5:30  Hydralisk x4  
  81  5:33  Drone x2  
  91  5:40  Hydralisk x2  
  95  5:46  Zergling x6  
  95  5:47  Overlord  
  95  5:48  Overlord  
  98  5:50  Overlord  
  91  6:05  Hydralisk  
  91  6:06  Zergling x8  
  88  6:11  Hydralisk x2  
  88  6:12  Zergling x8  
  88  6:16  Hydralisk x2  
  88  6:17  Zergling x4  
  97  6:20  Hydralisk  
  99  6:27  Hydralisk  
  97  6:40  Hydralisk  
  97  6:41  Hydralisk x3  
  97  6:43  Hydralisk  
  97  6:45  Hydralisk  
  92  6:52  Hydralisk  
  92  6:54  Hydralisk  
Tags
 
Add a new tag
Caveats
  • Supply blocks, unpowered buildings, or Contaminate may cause inaccurate times.
  • Supply counts are checked every 10 seconds.